| TOP OF THE 1ST |
|
Arkansas Travelers batting - Pitching for Dallas-Fort Worth Rangers : LHP Manny Sandate
|
|
Pitching: LHP Manny Sandate
|
|
|
Batting: RHB Nehames Bernstine
|
0-0: Called Strike 0-1: Foul Ball, location: 2F 0-2: Ball 1-2: Ball 2-2: SINGLE (Groundball, 56, EV 95.0 MPH)
|
|
Batting: LHB Phil Stephenson
|
0-0: Ball 1-0: Ground out 5-3 (Groundball, 56S, EV 65.6 MPH) Nehames Bernstine to second
|
|
Batting: LHB Dave Magadan
|
0-0: Ball 1-0: Foul Ball, location: 2F 1-1: Swinging Strike 1-2: Foul Ball, location: 2F 1-2: Strikes out swinging
|
|
Batting: SHB Bobby Bonilla
|
0-0: Ball 1-0: Ball 2-0: Ball 3-0: Called Strike 3-1: Base on Balls
|
|
Batting: SHB Bob Meacham
|
0-0: Ball 1-0: Called Strike 1-1: Foul Ball, location: 2F 1-2: Foul Ball, location: 2F 1-2: Ball 2-2: Ground out U3 (Groundball, 3S, EV 82.5 MPH)
|
| Top of the 1st over - 0 runs, 1 hit, 0 errors, 2 left on base; Arkansas 0 - Dallas-Fort Worth 0 |
| BOTTOM OF THE 1ST |
|
Dallas-Fort Worth Rangers batting - Pitching for Arkansas Travelers : RHP Chris Bosio
|
|
Pitching: RHP Chris Bosio
|
|
|
Batting: RHB Phil Bradley
|
0-0: Ground out 4-3 (Groundball, 4S, EV 86.9 MPH)
|
|
Batting: SHB Eski Viltz
|
0-0: Foul Ball, location: 2F 0-1: Called Strike 0-2: Strikes out swinging
|
|
Batting: RHB Terry Lee
|
0-0: Ball 1-0: Ground out 5-3 (Groundball, 5L, EV 85.0 MPH)
|
| Bottom of the 1st over - 0 runs, 0 hits, 0 errors, 0 left on base; Arkansas 0 - Dallas-Fort Worth 0 |
| TOP OF THE 2ND |
|
Arkansas Travelers batting - Pitching for Dallas-Fort Worth Rangers : LHP Manny Sandate
|
|
Batting: RHB Rob Deer
|
0-0: Called Strike 0-1: Swinging Strike 0-2: Ground out 6-3 (Groundball, 56D, EV 83.8 MPH)
|
|
Batting: RHB Rex Hudler
|
0-0: Fly out, F6 (Popup, 4MD, EV 63.8 MPH)
|
|
Batting: RHB Alex Duarte
|
0-0: Called Strike 0-1: Foul Ball, location: 2F 0-2: Ball 1-2: Ground out 4-3 (Groundball, 4, EV 81.3 MPH)
|
| Top of the 2nd over - 0 runs, 0 hits, 0 errors, 0 left on base; Arkansas 0 - Dallas-Fort Worth 0 |
| BOTTOM OF THE 2ND |
|
Dallas-Fort Worth Rangers batting - Pitching for Arkansas Travelers : RHP Chris Bosio
|
|
Batting: LHB Mo Ching
|
0-0: Fly out, F6 (Flyball, 5D, EV 97.5 MPH)
|
|
Batting: RHB Dave Aponte
|
0-0: Swinging Strike 0-1: Foul Ball, location: 2F 0-2: Ball 1-2: Ball 2-2: Strikes out swinging
|
|
Batting: LHB Garcia Gutierrez
|
0-0: Ball 1-0: Ground out 6-3 (Groundball, 6, EV 84.4 MPH)
|
| Bottom of the 2nd over - 0 runs, 0 hits, 0 errors, 0 left on base; Arkansas 0 - Dallas-Fort Worth 0 |
| TOP OF THE 3RD |
|
Arkansas Travelers batting - Pitching for Dallas-Fort Worth Rangers : LHP Manny Sandate
|
|
Batting: LHB Jesus Marinez
|
0-0: Swinging Strike 0-1: Ball 1-1: Ground out 4-3 (Groundball, 4, EV 78.1 MPH)
|
|
Batting: RHB Nehames Bernstine
|
0-0: Called Strike 0-1: Foul Ball, location: 2F 0-2: Fly out, F7 (Flyball, 7LD, EV 103.1 MPH)
|
|
Batting: LHB Phil Stephenson
|
0-0: Ball 1-0: Foul Ball, location: 2F 1-1: Swinging Strike 1-2: Foul Ball, location: 2F 1-2: Foul Ball, location: 2F 1-2: Strikes out swinging
|
| Top of the 3rd over - 0 runs, 0 hits, 0 errors, 0 left on base; Arkansas 0 - Dallas-Fort Worth 0 |
| BOTTOM OF THE 3RD |
|
Dallas-Fort Worth Rangers batting - Pitching for Arkansas Travelers : RHP Chris Bosio
|
|
Batting: RHB Steve Nicosia
|
0-0: Ball 1-0: Ball 2-0: Called Strike 2-1: Fly out, F2 (Popup, 2LF, EV 86.9 MPH)
|
|
Batting: RHB Ross Jones
|
0-0: Foul Ball, location: 2F 0-1: Ball 1-1: Ball 2-1: Foul Ball, location: 2F 2-2: Foul Ball, location: 2F 2-2: DOUBLE (Groundball, 5L, EV 109.4 MPH)
|
|
Batting: RHB Alex Zermeno
|
0-0: Ball 1-0: Foul Ball, location: 2F 1-1: Ball 2-1: SINGLE (Groundball, 5S, EV 74.4 MPH) (infield hit) Ross Jones to third
|
|
Batting: RHB Phil Bradley
|
0-0: Called Strike Alex Zermeno is caught stealing 2nd base 2-4 0-1: Swinging Strike 0-2: Hit by Pitch
|
|
Batting: SHB Eski Viltz
|
0-0: Called Strike 0-1: Ball 1-1: SINGLE (Line Drive, 8LS, EV 100.0 MPH) Ross Jones scores Phil Bradley to second Runner from 2nd tries for 3rd, SAFE, no throw by CF
|
|
Batting: RHB Terry Lee
|
0-0: Ball 1-0: Ball 2-0: Called Strike 2-1: Called Strike 2-2: SINGLE (Groundball, 56D, EV 107.5 MPH) Phil Bradley scores Eski Viltz to second
|
|
Batting: LHB Mo Ching
|
0-0: Ball 1-0: Ball 2-0: Ball 3-0: Called Strike 3-1: Called Strike 3-2: Strikes out swinging
|
| Bottom of the 3rd over - 2 runs, 4 hits, 0 errors, 2 left on base; Arkansas 0 - Dallas-Fort Worth 2 |
| TOP OF THE 4TH |
|
Arkansas Travelers batting - Pitching for Dallas-Fort Worth Rangers : LHP Manny Sandate
|
|
Batting: LHB Dave Magadan
|
0-0: Ball 1-0: Ball 2-0: Ball 3-0: Base on Balls
|
|
Batting: SHB Bobby Bonilla
|
0-0: Ball 1-0: Ball 2-0: Foul Ball, location: 2F 2-1: Fly out, F4 (Flyball, 4D, EV 85.0 MPH)
|
|
Batting: SHB Bob Meacham
|
0-0: Ball 1-0: SINGLE (Line Drive, 7S, EV 106.3 MPH) Dave Magadan to second
|
|
Batting: RHB Rob Deer
|
0-0: Called Strike 0-1: Foul Ball, location: 2F 0-2: Strikes out looking
|
|
Batting: RHB Rex Hudler
|
0-0: Ball Wild Pitch! Dave Magadan to third Bob Meacham to second 1-0: Ball 2-0: Ball 3-0: Base on Balls
|
|
Batting: RHB Alex Duarte
|
0-0: Foul Ball, location: 2F 0-1: Ball 1-1: Ball 2-1: Fly out, F9 (Line Drive, 9, EV 87.5 MPH)
|
| Top of the 4th over - 0 runs, 1 hit, 0 errors, 3 left on base; Arkansas 0 - Dallas-Fort Worth 2 |
| BOTTOM OF THE 4TH |
|
Dallas-Fort Worth Rangers batting - Pitching for Arkansas Travelers : RHP Chris Bosio
|
|
Batting: RHB Dave Aponte
|
0-0: Called Strike 0-1: Ball 1-1: Ground out 5-3 (Groundball, 56, EV 108.1 MPH)
|
|
Batting: LHB Garcia Gutierrez
|
0-0: Foul Ball, location: 2F 0-1: Foul Ball, location: 2F 0-2: Ball 1-2: Ground out 6-3 (Groundball, 6, EV 104.4 MPH)
|
|
Batting: RHB Steve Nicosia
|
0-0: Ground out 6-3 (Groundball, 6, EV 103.1 MPH)
|
| Bottom of the 4th over - 0 runs, 0 hits, 0 errors, 0 left on base; Arkansas 0 - Dallas-Fort Worth 2 |
| TOP OF THE 5TH |
|
Arkansas Travelers batting - Pitching for Dallas-Fort Worth Rangers : LHP Manny Sandate
|
|
Batting: LHB Jesus Marinez
|
0-0: Called Strike 0-1: Ball 1-1: Ball 2-1: Ball 3-1: Ground out U3 (Groundball, 34S, EV 66.9 MPH)
|
|
Batting: RHB Nehames Bernstine
|
0-0: Called Strike 0-1: Ball 1-1: Ball 2-1: Ball 3-1: Base on Balls
|
|
Batting: LHB Phil Stephenson
|
0-0: Ball 1-0: Called Strike 1-1: Called Strike 1-2: Strikes out swinging
|
|
Batting: LHB Dave Magadan
|
0-0: Ball 1-0: Foul Ball, location: 2F 1-1: Called Strike 1-2: Ball 2-2: DOUBLE (Line Drive, 78D, EV 113.8 MPH) Nehames Bernstine to third Nehames Bernstine scores
|
|
Batting: SHB Bobby Bonilla
|
0-0: Ball 1-0: Ball 2-0: Ball 3-0: Base on Balls
|
|
Batting: SHB Bob Meacham
|
0-0: Called Strike 0-1: Swinging Strike 0-2: Ball 1-2: Foul Ball, location: 2F 1-2: Foul Ball, location: 2F 1-2: Ball 2-2: Ball 3-2: Base on Balls Dave Magadan to third Bobby Bonilla to second
|
|
Batting: RHB Rob Deer
|
0-0: Ground out 2-3 (Groundball, 15S, EV 66.3 MPH)
|
| Top of the 5th over - 1 run, 1 hit, 0 errors, 3 left on base; Arkansas 1 - Dallas-Fort Worth 2 |
| BOTTOM OF THE 5TH |
|
Dallas-Fort Worth Rangers batting - Pitching for Arkansas Travelers : RHP Chris Bosio
|
|
Batting: RHB Ross Jones
|
0-0: Ball 1-0: Ball 2-0: Ground out 4-3 (Groundball, 4M, EV 106.3 MPH)
|
|
Batting: RHB Alex Zermeno
|
0-0: Ball 1-0: Ground out U3 (Groundball, 3S, EV 72.5 MPH)
|
|
Batting: RHB Phil Bradley
|
0-0: Fly out, F7 (Flyball, 78S, EV 93.1 MPH)
|
| Bottom of the 5th over - 0 runs, 0 hits, 0 errors, 0 left on base; Arkansas 1 - Dallas-Fort Worth 2 |
| TOP OF THE 6TH |
|
Arkansas Travelers batting - Pitching for Dallas-Fort Worth Rangers : LHP Manny Sandate
|
|
Batting: RHB Rex Hudler
|
0-0: Ball 1-0: Ball 2-0: Foul Ball, location: 2F 2-1: Ball 3-1: Base on Balls
|
|
Batting: RHB Alex Duarte
|
0-0: Sac Bunt to 3S - play at first, batter OUT! 3-4 Rex Hudler to second
|
|
Batting: LHB Jesus Marinez
|
0-0: Called Strike 0-1: Swinging Strike 0-2: Ball 1-2: Ball 2-2: Strikes out looking
|
|
Batting: RHB Nehames Bernstine
|
0-0: Ball 1-0: Ground out 5-3 (Groundball, 56, EV 86.9 MPH)
|
| Top of the 6th over - 0 runs, 0 hits, 0 errors, 1 left on base; Arkansas 1 - Dallas-Fort Worth 2 |
| BOTTOM OF THE 6TH |
|
Dallas-Fort Worth Rangers batting - Pitching for Arkansas Travelers : RHP Chris Bosio
|
|
Batting: SHB Eski Viltz
|
0-0: Swinging Strike 0-1: Fly out, F7 (Flyball, 7, EV 87.5 MPH)
|
|
Batting: RHB Terry Lee
|
0-0: Called Strike 0-1: Ball 1-1: SINGLE (Line Drive, 4M, EV 103.8 MPH)
|
|
Batting: LHB Mo Ching
|
0-0: Ball 1-0: Called Strike 1-1: 2-RUN HOME RUN (Flyball, 9D, EV 93.8 MPH), Distance : 362 ft
|
|
Batting: RHB Dave Aponte
|
0-0: Ball 1-0: Called Strike 1-1: Called Strike 1-2: Strikes out looking
|
|
Batting: LHB Garcia Gutierrez
|
0-0: Swinging Strike 0-1: Ball 1-1: Fly out, F7 (Flyball, 7D, EV 85.0 MPH)
|
| Bottom of the 6th over - 2 runs, 2 hits, 0 errors, 0 left on base; Arkansas 1 - Dallas-Fort Worth 4 |
| TOP OF THE 7TH |
|
Arkansas Travelers batting - Pitching for Dallas-Fort Worth Rangers : LHP Manny Sandate
|
|
Batting: LHB Phil Stephenson
|
0-0: Swinging Strike 0-1: Fly out, F8 (Flyball, 8RD, EV 100.0 MPH)
|
|
Batting: LHB Dave Magadan
|
0-0: Ball 1-0: Ball 2-0: Foul Ball, location: 2F 2-1: Ball 3-1: Foul Ball, location: 2F 3-2: SINGLE (Groundball, 56D, EV 106.9 MPH)
|
|
Pitching: RHP Tom McGough
|
|
|
Batting: SHB Bobby Bonilla
|
0-0: Ball 1-0: Called Strike 1-1: Ball 2-1: Ball 3-1: Foul Ball, location: 2F 3-2: Foul Ball, location: 2F 3-2: Strikes out swinging
|
|
Batting: SHB Bob Meacham
|
0-0: Ball 1-0: Fly out, F7 (Flyball, 78D, EV 100.0 MPH)
|
| Top of the 7th over - 0 runs, 1 hit, 0 errors, 1 left on base; Arkansas 1 - Dallas-Fort Worth 4 |
| BOTTOM OF THE 7TH |
|
Dallas-Fort Worth Rangers batting - Pitching for Arkansas Travelers : RHP Chris Bosio
|
|
Batting: RHB Steve Nicosia
|
0-0: Called Strike 0-1: Ball 1-1: Ball 2-1: Foul Ball, location: 2F 2-2: Foul Ball, location: 2F 2-2: Ball 3-2: Strikes out swinging
|
|
Batting: RHB Ross Jones
|
0-0: Swinging Strike 0-1: Swinging Strike 0-2: Ball 1-2: Ball 2-2: Ground out 5-3 (Groundball, 56S, EV 86.3 MPH)
|
|
Batting: RHB Alex Zermeno
|
0-0: Swinging Strike 0-1: Swinging Strike 0-2: Ball 1-2: Ball 2-2: Foul Ball, location: 2F 2-2: Foul Ball, location: 2F 2-2: Foul Ball, location: 2F 2-2: Ball 3-2: Strikes out swinging
|
| Bottom of the 7th over - 0 runs, 0 hits, 0 errors, 0 left on base; Arkansas 1 - Dallas-Fort Worth 4 |
| TOP OF THE 8TH |
|
Arkansas Travelers batting - Pitching for Dallas-Fort Worth Rangers : RHP Tom McGough
|
|
Batting: RHB Rob Deer
|
0-0: Called Strike 0-1: TRIPLE (Flyball, 78XD, EV 88.8 MPH)
|
|
Batting: RHB Rex Hudler
|
0-0: Foul Ball, location: 2F 0-1: Ball 1-1: Ball 2-1: Called Strike 2-2: Strikes out swinging
|
|
Batting: RHB Alex Duarte
|
0-0: Ball 1-0: Ground out 6-3 (Groundball, 6, EV 110.0 MPH) Rob Deer scores
|
|
Batting: LHB Jesus Marinez
|
0-0: Ball 1-0: Swinging Strike 1-1: Ball 2-1: SINGLE (Groundball, 34D, EV 101.3 MPH)
|
|
Batting: RHB Nehames Bernstine
|
0-0: Called Strike 0-1: Ball 1-1: Ball 2-1: Fly out, F7 (Flyball, 7S, EV 92.5 MPH)
|
| Top of the 8th over - 1 run, 2 hits, 0 errors, 1 left on base; Arkansas 2 - Dallas-Fort Worth 4 |
| BOTTOM OF THE 8TH |
|
Dallas-Fort Worth Rangers batting - Pitching for Arkansas Travelers : RHP Chris Bosio
|
|
Batting: RHB Phil Bradley
|
0-0: Ball 1-0: Swinging Strike 1-1: Called Strike 1-2: Strikes out swinging
|
|
Batting: SHB Eski Viltz
|
0-0: Ball 1-0: Called Strike 1-1: Ground out 4-3 (Groundball, 4, EV 90.0 MPH)
|
|
Batting: RHB Terry Lee
|
0-0: Called Strike 0-1: Ball 1-1: Ball 2-1: Foul Ball, location: 2F 2-2: Ball 3-2: SINGLE (Groundball, 6M, EV 89.4 MPH) (infield hit)
|
|
Batting: LHB Mo Ching
|
0-0: Ball 1-0: Ball Terry Lee is caught stealing 2nd base 2-6
|
| Bottom of the 8th over - 0 runs, 1 hit, 0 errors, 0 left on base; Arkansas 2 - Dallas-Fort Worth 4 |
| TOP OF THE 9TH |
|
Arkansas Travelers batting - Pitching for Dallas-Fort Worth Rangers : RHP Tom McGough
|
|
Pitching: RHP Luis Cardenas
|
|
|
Batting: LHB Phil Stephenson
|
0-0: Called Strike 0-1: Ball 1-1: Ball 2-1: Foul Ball, location: 2F 2-2: Ball 3-2: Fly out, F8 (Flyball, 8RXD, EV 93.8 MPH)
|
|
Batting: LHB Dave Magadan
|
0-0: Called Strike 0-1: Foul Ball, location: 2F 0-2: Strikes out swinging
|
|
Batting: SHB Bobby Bonilla
|
0-0: Ball 1-0: Foul Ball, location: 2F 1-1: Swinging Strike 1-2: Strikes out swinging
|
| Top of the 9th over - 0 runs, 0 hits, 0 errors, 0 left on base; Arkansas 2 - Dallas-Fort Worth 4 |
|